 Seeded DCSS version 0.25.1-8-g42b30a86e7 (webtiles) character file.

Game seed: 20201210 (custom seed)

15 radhat240 the Sneak (level 2, 0/26 HPs)
             Began as a Naga Assassin on Dec 14, 2020.
             Was an Initiate of Dithmenos.
             Slain by a worker ant (2 damage)
             ... on level 4 of the Dungeon.
             The game lasted 00:03:15 (328 turns).

radhat240 the Sneak (Naga Assassin)                  Turns: 328, Time: 00:03:16

Health: 0/26       AC:  2    Str: 13    XL:     2   Next: 50%
Magic:  2/2        EV:  9    Int: 11    God:    Dithmenos [......]
Gold:   17         SH:  0    Dex: 12    Spells: 1/1 levels left

rFire    . . .     SeeInvis +   a - +2 dagger
rCold    . . .     Gourm    .   (no shield)
rNeg     . . .     Faith    .   b - +0 robe
rPois    +         Spirit   .   (no helmet)
rElec    .         Reflect  .   c - +0 cloak
rCorr    .         Harm     .   (no gloves)
MR       .....                  (no barding)
Stlth    +++.......             (no amulet)
HPRegen  0.08/turn              (no ring)
MPRegen  0.08/turn              (no ring)

@: very slow
A: large, see invisible, deformed body, poison resistance, slowness 2, slow
metabolism 1, spit poison 1, AC +0
a: Spit Poison, Renounce Religion


You were on level 4 of the Dungeon.
You worshipped Dithmenos.
Dithmenos was noncommittal.
You were not hungry.

You visited 1 branch of the dungeon, and saw 4 of its levels.

You collected 17 gold pieces.

Inventory:

Hand Weapons
 a - a +2 dagger (weapon)
Missiles
 d - 25 poisoned darts (quivered)
 e - 2 curare-tipped darts
 h - 7 atropa-tipped darts
Armour
 b - a +0 robe (worn)
 c - a +0 cloak (worn)
Jewellery
 k - an uncursed amulet of faith {unknown}
 m - an uncursed amulet of regeneration {unknown}
Scrolls
 g - a scroll of identify {unknown}
 l - a scroll of enchant armour {unknown}
 n - a scroll of amnesia {unknown}
Potions
 j - a potion of brilliance {unknown}
Comestibles
 f - 4 rations
 i - a chunk of flesh


   Skills:
 + Level 2.0 Fighting
 * Level 2.0 Short Blades
 + Level 1.8 Throwing
 * Level 0.8 Dodging
 * Level 6.7 Stealth


You had one spell level left.
You didn't know any spells.
Your spell library was empty.

Dungeon Overview and Level Annotations

Branches:
Dungeon (4/15)
 Temple: D:4-7

Altars:
Dithmenos
Vehumet
Yredelemnul


Innate Abilities, Weirdness & Mutations

You cannot wear boots.
Your serpentine skin is tough. (AC +0)
You have supernaturally acute eyesight. (SInv)
Armour fits poorly on your strangely shaped body.
Your system is resistant to poisons. (rPois)
You cover ground very slowly.
You have a slow metabolism.
You can spit poison.


Message History

* * * LOW HITPOINT WARNING * * *
Okay, then.
Okay, then.
The worker ant bites you.
* * * LOW HITPOINT WARNING * * *
You hit the worker ant.
The worker ant is moderately wounded.
The worker ant barely misses you.
You hit the jackal.
The jackal is heavily wounded.
The worker ant bites you.
* * * LOW HITPOINT WARNING * * *
The jackal bites you but does no damage.
You barely miss the jackal.
The jackal is heavily wounded.
The jackal misses you. The worker ant closely misses you.
You hit the jackal.
The jackal is severely wounded.
The jackal barely misses you. The worker ant bites you.
You die...

#.. #.# #.#
#.#### #
#....# ###.#
####.##....#
#....#
#ha##.# #@.#
.# #...# #
#...# #...#
#.... .###..
.. .. #. ..#


You could see a worker ant and a jackal.

Vanquished Creatures
  An adder (D:2)
  A giant cockroach (D:3)
  2 hobgoblins (D:2)
  A kobold (D:2)
  A frilled lizard (D:2)
6 creatures vanquished.

Notes
Turn   | Place    | Note
-------+----------+-------------------------------------------
     0 | D:1      | radhat240 the Naga Assassin began the quest for the Orb.
     0 | D:1      | Reached XP level 1. HP: 19/19 MP: 1/1
    74 | D:2      | Reached skill level 6 in Stealth
   125 | D:2      | Found a radiant altar of Vehumet.
   126 | D:2      | Found a basalt altar of Yredelemnul.
   127 | D:2      | Found a shadowy altar of Dithmenos.
   137 | D:2      | Became a worshipper of Dithmenos the Shadowed
   206 | D:2      | Reached XP level 2. HP: 26/26 MP: 2/2
   328 | D:4      | Slain by a worker ant

Illustrated notes

Levels and vault maps discovered:
D:1:      dpeg_arrival_snail, layout_basic
D:2:      layout_basic, chequers_temple_overflow_statue_of_worship,
          minmay_hedge_maze, minmay_misc_feat_five
D:3:      layout_basic
D:4:      layout_loops_ring, tgw_trog, first_ration, minmay_distorted

Skill      XL: |  1 |
---------------+----+-----
Stealth        | 6 |  6.7
Fighting       | |  2.0
Short Blades   | |  2.0
Throwing       | |  1.8
Dodging        | |  0.8

Action                   || total
-------------------------++-------
Melee: Dagger            ||    20
 Stab: Sleeping          ||     5
Armor: Robe              ||     2
Dodge: Dodged            ||     6
